 Dungeon Crawl Stone Soup version 0.20.1-1-g8b1a95d (console) character file.

274340 Kloppie the Tortoise (level 19, -4/180 HPs)
             Began as a Minotaur Fighter on July 16, 2017.
             Was the Champion of Makhleb.
             Slain by a nagaraja
             ... wielding a +0 spear of venom
              (9 damage)
             ... on level 4 of the Snake Pit.
             The game lasted 01:20:20 (35383 turns).

Kloppie the Tortoise (Minotaur Fighter)            Turns: 35383, Time: 01:20:21

Health: -4/180     AC: 29    Str: 23    XL:     19   Next: 91%
Magic:  0/28       EV: 17    Int:  5    God:    Makhleb [******]
Gold:   1802       SH: 16    Dex: 16    Spells: 18/18 levels left

rFire    . . .     SeeInvis .   a - +3 broad axe (flame)
rCold    . . .     Gourm    .   Y - +2 shield
rNeg     + + +     Faith    .   W - +7 chain mail of Resourcefulness {rN+++ rCorr}
rPois    +         Spirit   +   (helmet restricted)
rElec    .         Reflect  .   J - +0 cloak
rCorr    +         Harm     .   E - +1 pair of gloves {archery}
MR       ++...                  k - +0 pair of boots
Stlth    ..........             u - amulet of guardian spirit
Regen    0.4/turn               L - ring of poison resistance
MPRegen  0.3/turn               V - ring of protection from magic

@: lethally poisoned (-4 -> -12), about to teleport
A: retaliatory headbutt, horns 2
}: 1/15 runes: barnacled
a: Minor Destruction, Lesser Servant of Makhleb, Major Destruction, Greater
Servant of Makhleb, Renounce Religion


You were on level 4 of the Snake Pit.
You worshipped Makhleb.
Makhleb was exalted by your worship.
You were hungry.

You visited 9 branches of the dungeon, and saw 37 of its levels.
You also visited: Sewer, Ice Cave and Volcano.

You collected 4285 gold pieces.
You spent 2483 gold pieces at shops.

Inventory:

Hand Weapons
 a - a +3 broad axe of flaming (weapon)
 b - a +0 hand crossbow
 c - a +6 war axe
Missiles
 r - 587 bolts
Armour
 k - a +0 pair of boots (worn)
 n - a +1 chain mail of cold resistance
 E - a +1 pair of gloves of archery (worn)
 J - a +0 cloak (worn)
 T - a +3 chain mail of fire resistance
 W - the +7 chain mail of Resourcefulness (worn) {rN+++ rCorr}
   (You bought it in a shop on level 2 of the Orcish Mines)

   It renders you almost immune to negative energy.
   It protects you from acid and corrosion.
 Y - a +2 shield (worn)
Jewellery
 s - a +3 ring of evasion
 u - an amulet of guardian spirit (around neck)
 G - an uncursed ring of see invisible
 L - a ring of poison resistance (left hand)
 Q - an uncursed ring of resist corrosion
 V - a ring of protection from magic (right hand)
Wands
 p - a wand of lightning (4/15)
 B - a wand of acid (6/15)
 H - a wand of disintegration (14/24)
 M - a wand of paralysis (8/24)
 P - a wand of digging (15/24)
Scrolls
 e - 17 scrolls of remove curse
 i - a scroll of blinking
 l - 7 scrolls of enchant armour
 m - 8 scrolls of teleportation
 t - 4 scrolls of magic mapping
 y - a scroll of recharging
 I - 6 scrolls of fog
 K - a scroll of amnesia
 O - 2 scrolls of silence
 R - 16 scrolls of identify
 U - 5 scrolls of fear
Potions
 d - 6 potions of might
 g - 16 potions of curing
 h - 5 potions of lignification
 j - 6 potions of flight
 o - 2 potions of invisibility
 v - 4 potions of cancellation
 x - 2 potions of heal wounds
 z - 3 potions of agility
 D - 3 potions of berserk rage
 F - 3 potions of resistance
 S - 6 potions of haste
Books
 C - a book of the Earth

   Spells                             Type                      Level
   a - Leda's Liquefaction            Hexes/Earth                  4
   b - Bolt of Magma                  Conjuration/Fire/Earth       5
   c - Statue Form                    Transmutation/Earth          6
   d - Iron Shot                      Conjuration/Earth            6
   e - Shatter                        Earth                        9
Comestibles
 f - 32 bread rations
 q - 8 meat rations
 A - 6 royal jellies
 N - a fruit


   Skills:
 - Level 18.5 Fighting
 - Level 18.2 Axes
 + Level 6.5 Crossbows
 - Level 20.3 Armour
 + Level 13.3 Dodging
 - Level 15.5 Shields
 - Level 13.6 Invocations


You had 18 spell levels left.
You didn't know any spells.

Dungeon Overview and Level Annotations

Branches:
Dungeon (15/15)            Temple (1/1) D:4            Lair (6/6) D:8
 Shoals (4/4) Lair:3        Snake (4/4) Lair:3        Slime (0/5) Lair:5
    Orc (2/2) D:12            Elf (2/3) Orc:2        Vaults (2/5) D:13
 Depths (1/5) D:15
  Crypt: Vaults:2-3

Altars:
Ashenzari
Cheibriados
Dithmenos
Elyvilon
Fedhas
Gozag
Hepliaklqana
Kikubaaqudgha
Makhleb
Nemelex Xobeh
Okawaru
Qazlal
Ru
Sif Muna
Trog
Uskayaw
Vehumet
Xom
Yredelemnul
Zin
The Shining One
Beogh

Shops:
Orc:2 [(:*   Elf:1 %   Shoals:3 *   Vaults:1 !

Portals:
Trove: Vaults:1 (give 2 scrolls of acquirement)

Annotations:
D:4 exclusion: oklob plant
Lair:1 exclusion: 4 oklob plants
Lair:5 exclusion: oklob plant
Shoals:3 2 transporters
Snake:3 exclusion: Roxanne, Roxanne
Snake:4 Vashnia
Elf:2 5 runed doors


Innate Abilities, Weirdness & Mutations

You reflexively headbutt those who attack you in melee.
You have a pair of horns on your head.


Message History

The nagaraja constricts you.
The naga sharpshooter mumbles some strange words.
The naga sharpshooter magically shoots an arrow.
The arrow hits you!
* * * LOW HITPOINT WARNING * * *
The naga barely misses you.
Vashnia casts a spell.
The naga blinks!
The naga warrior blinks!
The naga blinks!
Your Executioner hits the naga warrior.
Your Executioner closely misses the naga warrior.
Your Executioner misses the naga warrior.
You escape the nagaraja's grasp.
You feel sick.
The naga ritualist's toxic aura wanes.
Your Executioner hits the naga warrior!
The naga warrior dies!
Makhleb accepts your kill.
Vashnia gestures wildly while chanting.
Vashnia magically shoots a bolt.
The bolt hits you!
* * * LOW HITPOINT WARNING * * *
The nagaraja hits you from afar with a spear of venom!
You die...

###.....................#####...
###..................## ##..
##...................#######..
###.....................#.......
##............................###
.................##))#.......##
.........#.[......()))########
.......#..#....##))##.## #.
......##..##..##@((.##.### ..
...####....#.##N1)...##..## .)
.####.......##.§N##...##..## #..
.####......##NNN## #...##..###..#
.....)))..##...## #...##.#....#
.....()####...# #...##....#
......## #N... ....##..##
...(...##...N. ... ##..##
..(...##.....# ##.##


You could see Vashnia, a nagaraja, 2 naga sharpshooters, a naga ritualist, 2
nagas and a friendly Executioner.

Vanquished Creatures
  Margery (Vaults:2)
  Jorgrun (Shoals:2)
  An Ice Fiend (IceCv)
  A lich (Depths:1)
  Agnes (Snake:2)
  Ilsuiw (Shoals:3)
  7 nagarajas
  An azure jelly (Snake:3)
  A deep elf sorcerer (Elf:1)
  An orc warlord (Orc:1)
  3 frost giants
  3 vault wardens
  Aizul (Snake:3)
  A ghost moth (Vaults:2)
  3 very ugly things (Vaults:2)
  A war gargoyle (Vaults:2)
  5 ironheart preservers
  3 stone giants
  Azrael (Snake:1)
  An ettin (Orc:1)
  A merfolk javelineer (Shoals:2)
  Snorg (D:13)
  A fire dragon (D:15)
  3 deep elf death magi
  10 merfolk impalers
  Josephine (D:12)
  6 yaktaur captains
  8 naga warriors
  3 ice dragons
  A rakshasa (Vaults:1)
  The ghost of loom the Tainter, a journeyman NaVM of Hepliaklqana (D:10)
  2 great orbs of eyes (Vaults:2)
  A catoblepas (D:12)
  11 vault guards
  7 centaur warriors
  9 two-headed ogres
  5 hydras
  2 merfolk avatars
  A satyr (Shoals:4)
  2 ogre magi
  15 dancing weapons
  Erica (D:8)
  5 merfolk aquamancers
  10 anacondas
  4 death yaks (Lair:6)
  2 orc high priests
  8 shock serpents
  5 naga sharpshooters
  A fire crab (shapeshifter) (Elf:2)
  Nergalle (Lair:4)
  9 deep elf knights
  An iron troll (D:13)
  3 hell knights (Vaults:2)
  13 skeletal warriors
  3 unseen horrors
  A shadow wraith (Vaults:2)
  3 salamander mystics
  A storm dragon skeleton (Vaults:2)
  6 sea snakes
  3 deep trolls (Vaults:1)
  9 naga ritualists
  8 deep elf archers
  6 ironbrand convokers
  34 deep elf magi
  3 wizards
  6 harpies
  3 necromancers (Vaults:2)
  A frost giant zombie (Vaults:2)
  10 mana vipers
  A wolf spider (Vaults:1)
  13 ugly things
  8 orc knights
  7 cyclopes
  5 orc sorcerers
  13 manticores
  12 salamanders
  Maurice (D:13)
  8 fauns
  11 merfolk sirens
  28 black mambas
  13 spiny frogs
  3 guardian serpents
  6 vault sentinels
  7 gargoyles
  2 water nymphs
  An ice statue (IceCv)
  A torpor snail (Lair:6)
  10 centaur zombies
  18 naga magi
  The ghost of dion0 the Unseen, a novice FeAr (D:11)
  A kobold demonologist (D:15)
  3 rime drakes
  6 anaconda simulacra (IceCv)
  9 komodo dragons
  19 yaktaurs
  A golden dragon simulacrum (IceCv)
  8 freezing wraiths
  4 ice devils (IceCv)
  A redback zombie (D:15)
  4 trolls
  A wind drake (Shoals:3)
  6 hornets
  6 polar bears
  21 merfolk
  15 blink frogs
  Grinder (D:5)
  8 hippogriffs
  10 slime creatures
  3 harpy skeletons (Volcano)
  A dream sheep (Lair:6)
  A stone giant simulacrum (Vaults:2)
  2 flying skulls (Volcano)
  2 snapping turtles
  Sigmund (D:3)
  15 spriggans
  2 air elementals (Elf:1)
  4 alligator skeletons (Volcano)
  5 wraiths (D:12)
  A dire elephant simulacrum (IceCv)
  25 yaks
  3 vampires
  4 wyverns
  4 water elementals
  A basilisk (shapeshifter) (Vaults:1)
  6 fire elementals
  A basilisk (Lair:6)
  2 hungry ghosts
  3 harpy simulacra (IceCv)
  7 vampire mosquitoes (D:15)
  4 wargs
  50 nagas
  2 acid dragons
  Menkaure (D:6)
  A soldier ant (shapeshifter) (D:13)
  2 soldier ants (D:13)
  2 hydra simulacra (IceCv)
  4 hell hounds (Snake:1)
  2 iron troll simulacra (IceCv)
  10 water moccasins
  10 ice beasts
  7 porcupines
  49 orc warriors
  3 black bears
  2 phantoms (D:4)
  8 boggarts
  A necrophage (D:11)
  14 ogres
  An alligator simulacrum (IceCv)
  36 wolves
  22 centaurs
  An eye of draining (D:12)
  6 crocodiles
  4 big kobolds
  A bullfrog (shapeshifter) (D:13)
  16 bullfrogs
  3 earth elementals (Elf:1)
  A wyvern zombie (D:8)
  A water moccasin zombie (D:5)
  A scorpion (D:8)
  16 killer bees
  3 spriggan skeletons (Volcano)
  8 wights
  7 howler monkeys
  7 crimson imps
  A vampire bat (D:7)
  2 electric eels
  3 lava snakes (Snake:1)
  A bullfrog zombie (D:10)
  3 draconian simulacra (IceCv)
  2 quasits
  5 hounds
  18 orc priests
  A bullfrog skeleton (D:11)
  2 jellies
  4 centaur skeletons
  21 orc wizards
  An iguana (D:7)
  7 hell rats (Lair:6)
  8 worker ants
  5 troll simulacra (IceCv)
  2 spriggan simulacra (IceCv)
  3 wolf simulacra (IceCv)
  2 centaur simulacra (IceCv)
  A hound zombie (D:11)
  A naga skeleton (Volcano)
  6 mummies (D:15)
  6 gnolls
  13 adders
  3 ogre simulacra (IceCv)
  5 shadow imps
  7 white imps (IceCv)
  4 ufetubi (IceCv)
  2 oozes
  2 adder zombies
  2 adder skeletons
  3 worms
  5 dart slugs
  6 leopard geckos
  118 orcs
  9 giant cockroaches
  3 goblins
  7 hobgoblins
  7 jackals
  27 kobolds
  7 quokkas
  8 ball pythons
  A ball python skeleton (D:4)
  14 bats
  7 frilled lizards
  2 jackal skeletons
  A leopard gecko skeleton (D:7)
  11 rats
  4 fungi
  3 plants
1367 creatures vanquished.

Vanquished Creatures (collateral kills)
  3 merfolk impalers (Shoals:3)
  A naga warrior (Snake:4)
  A satyr (Shoals:3)
  An orc knight (Vaults:2)
  3 fauns (Shoals:3)
  3 merfolk (Shoals:3)
12 creatures vanquished.

Vanquished Creatures (others)
  Nikola (Vaults:2)
  A dancing weapon (Elf:1)
  A manticore (Shoals:4)
  A freezing wraith (Vaults:2)
  A boggart (Vaults:1)
  A glowing shapeshifter simulacrum (Vaults:2)
  2 white imps (IceCv)
  2 ufetubi (IceCv)
  An orc (Elf:2)
  A fungus (Lair:5)
  3 plants
15 creatures vanquished.

Grand Total: 1394 creatures vanquished

Notes
Turn   | Place    | Note
-------+----------+-------------------------------------------
     0 | D:1      | Kloppie the Minotaur Fighter began the quest for the Orb.
     0 | D:1      | Reached XP level 1. HP: 19/19 MP: 0/0
   100 | D:1      | Reached XP level 2. HP: 15/27 MP: 1/1
   644 | D:2      | Reached XP level 3. HP: 33/34 MP: 2/2
   647 | D:2      | Found a burning altar of Makhleb.
   654 | D:2      | Became a worshipper of Makhleb the Destroyer
  1006 | D:2      | Found a faded altar of an unknown god.
  1078 | D:2      | Found a bloodstained altar of Trog.
  1079 | D:2      | Found an iron altar of Okawaru.
  1081 | D:2      | Found a hide-covered altar of Uskayaw.
  1295 | D:3      | Reached skill level 5 in Fighting
  1295 | D:3      | Reached XP level 4. HP: 34/42 MP: 3/3
  1482 | D:3      | Reached * piety under Makhleb
  1966 | D:3      | Reached skill level 5 in Axes
  1966 | D:3      | Reached XP level 5. HP: 46/48 MP: 4/4
  2094 | D:3      | Noticed Sigmund
  2187 | D:3      | Killed Sigmund
  2187 | D:3      | Reached XP level 6. HP: 46/58 MP: 5/5
  2582 | D:4      | Found a staircase to the Ecumenical Temple.
  2610 | D:4      | Reached XP level 7. HP: 62/66 MP: 6/6
  2749 | D:4      | Found a blossoming altar of Fedhas.
  2769 | D:4      | Noticed an oklob plant
  2806 | D:4      | Reached ** piety under Makhleb
  2868 | D:4      | Found a glowing drain.
  2888 | Sewer    | Entered a sewer
  3442 | D:4      | Reached skill level 4 in Armour
  3611 | D:5      | Entered Level 5 of the Dungeon
  3611 | D:5      | Noticed Grinder
  3633 | D:5      | Reached XP level 8. HP: 70/74 MP: 7/7
  3646 | D:5      | Killed Grinder
  3646 | D:5      | Reached skill level 5 in Armour
  3700 | D:5      | Reached skill level 6 in Armour
  3820 | D:5      | Reached *** piety under Makhleb
  3959 | D:5      | Got an ancient hand axe
  3960 | D:5      | Identified the +2 hand axe of a volcano {chop, -Tele rElec rPois MP+9} (You found it on level 5 of the Dungeon)
  4317 | D:5      | Reached skill level 7 in Armour
  4923 | D:6      | Reached skill level 10 in Axes
  4944 | D:6      | Noticed Menkaure
  4952 | D:6      | Killed Menkaure
  5141 | D:6      | Reached XP level 9. HP: 81/81 MP: 8/8
  5204 | D:4      | Reached skill level 8 in Armour
  5264 | Temple   | Entered the Ecumenical Temple
  5658 | D:7      | Reached **** piety under Makhleb
  6022 | D:7      | Found a runed door.
  6026 | D:7      | Found a basalt altar of Yredelemnul.
  6686 | D:8      | Found a staircase to the Lair.
  6800 | D:8      | Noticed a two-headed ogre
  7051 | D:8      | Killed a two-headed ogre
  7051 | D:8      | Reached skill level 5 in Shields
  7125 | D:8      | Noticed Erica
  7134 | D:8      | Killed Erica
  7134 | D:8      | Reached XP level 10. HP: 86/90 MP: 9/9
  7277 | D:9      | Identified a scroll of acquirement
  7614 | D:9      | Noticed a two-headed ogre
  7620 | D:9      | Killed a two-headed ogre
  7815 | D:10     | Entered Level 10 of the Dungeon
  7817 | D:10     | Noticed a two-headed ogre
  7827 | D:10     | Killed a two-headed ogre
  7982 | D:10     | Noticed loom's ghost (journeyman NaVM)
  7998 | D:10     | Killed loom's ghost
  8124 | D:10     | Reached XP level 11. HP: 95/95 MP: 10/10
  8860 | D:11     | Noticed a six-headed hydra
  8870 | D:11     | Killed a six-headed hydra
  9152 | D:11     | Noticed dion0's ghost (novice FeAr)
  9160 | D:11     | Killed dion0's ghost
  9160 | D:11     | Reached skill level 10 in Fighting
  9191 | D:11     | Noticed a two-headed ogre
  9201 | D:11     | Killed a two-headed ogre
  9201 | D:11     | Reached ***** piety under Makhleb
  9446 | D:11     | Noticed a two-headed ogre
  9455 | D:11     | Killed a two-headed ogre
  9455 | D:11     | Reached skill level 15 in Axes
  9741 | D:12     | Noticed Josephine
  9748 | D:12     | Killed Josephine
 10023 | D:12     | Noticed a catoblepas
 10039 | D:12     | Killed a catoblepas
 10291 | D:12     | Found a staircase to the Orcish Mines.
 10599 | D:13     | Reached skill level 10 in Shields
 10740 | D:13     | Noticed Maurice
 10751 | D:13     | Killed Maurice
 10868 | D:13     | Noticed an orb spider
 10870 | D:13     | an orb spider changed into a golden eye
 10887 | D:13     | Reached XP level 12. HP: 101/110 MP: 11/11
 11291 | D:13     | Reached skill level 9 in Armour
 11569 | D:13     | Found a gate to the Vaults.
 11613 | D:13     | HP: 3/110 [iron troll (9)]
 12016 | D:13     | Reached skill level 10 in Armour
 12038 | D:13     | Noticed Snorg
 12051 | D:13     | Killed Snorg
 12484 | Lair:1   | Entered Level 1 of the Lair of Beasts
 13843 | Lair:2   | Reached XP level 13. HP: 85/116 MP: 12/12
 14327 | Lair:3   | Reached ****** piety under Makhleb
 14352 | Lair:3   | Found a staircase to the Shoals.
 14495 | Lair:3   | Found a staircase to the Snake Pit.
 14760 | Lair:4   | Found a dark tunnel.
 14776 | Volcano  | Entered a volcano
 14827 | Volcano  | Reached skill level 15 in Shields
 15283 | Lair:4   | Noticed Nergalle
 15307 | Lair:4   | Killed Nergalle
 15614 | Lair:4   | Reached skill level 1 in Dodging
 16179 | Lair:5   | Found a staircase to the Slime Pits.
 16222 | Lair:5   | Reached skill level 1 in Invocations
 16783 | Lair:6   | Entered Level 6 of the Lair of Beasts
 16802 | Lair:6   | Reached XP level 14. HP: 125/126 MP: 13/16
 16819 | Lair:6   | Reached skill level 5 in Dodging
 16929 | Lair:6   | Reached skill level 5 in Invocations
 17148 | Lair:6   | HP: 1/126 [death yak[a boggart] (18)]
 17483 | Lair:6   | Reached skill level 11 in Armour
 18123 | Orc:1    | Entered Level 1 of the Orcish Mines
 18512 | Orc:1    | Found a roughly hewn altar of Beogh.
 18686 | Orc:2    | Entered Level 2 of the Orcish Mines
 18686 | Orc:2    | Found a staircase to the Elven Halls.
 18770 | Orc:2    | Noticed an orc warlord
 18848 | Orc:1    | Reached skill level 12 in Armour
 18875 | Orc:1    | Killed an orc warlord
 19236 | Orc:2    | Found a roughly hewn altar of Beogh.
 19376 | Orc:2    | Found a roughly hewn altar of Beogh.
 19377 | Orc:2    | Found Sixysh's Book Emporium.
 19695 | Orc:2    | Found a roughly hewn altar of Beogh.
 19846 | Orc:2    | Found Xestuc's Antique Armour Emporium.
 19847 | Orc:2    | Found a roughly hewn altar of Beogh.
 19875 | Orc:2    | Found Ryrougoi's Antique Weapon Shoppe.
 19884 | Orc:2    | Bought a heavily runed shield for 323 gold pieces
 19884 | Orc:2    | Bought a polished chain mail for 323 gold pieces
 19884 | Orc:2    | Bought a pair of glowing gloves for 255 gold pieces
 19894 | Orc:2    | Identified the cursed -8 shield of Dithmenos's Anger {rF++ rC+ MP-9 Str+2} (You bought it in a shop on level 2 of the Orcish Mines)
 19904 | Orc:2    | Identified the +7 chain mail of Resourcefulness {rN+++ rCorr} (You bought it in a shop on level 2 of the Orcish Mines)
 19968 | Orc:2    | Found a roughly hewn altar of Beogh.
 20152 | Orc:2    | Found a roughly hewn altar of Beogh.
 20153 | Orc:2    | Found Decutan's Assorted Antiques.
 20179 | Orc:2    | Bought a scroll of remove curse for 96 gold pieces
 20179 | Orc:2    | Bought a scroll of remove curse for 96 gold pieces
 20518 | D:14     | Reached skill level 13 in Armour
 20568 | D:14     | Reached XP level 15. HP: 134/134 MP: 18/18
 20948 | D:15     | Entered Level 15 of the Dungeon
 21084 | D:15     | Found a staircase to the Depths.
 21291 | D:15     | Reached skill level 14 in Armour
 21822 | Depths:1 | Entered Level 1 of the Depths
 21831 | Depths:1 | Noticed a frost giant
 21845 | Depths:1 | Killed a frost giant
 22177 | Depths:1 | Noticed a lich
 22196 | Depths:1 | Killed a lich
 22489 | Snake:1  | Entered Level 1 of the Snake Pit
 22688 | Snake:1  | Reached skill level 15 in Armour
 22935 | Snake:1  | Noticed Azrael
 22960 | Snake:1  | Killed Azrael
 23145 | Snake:2  | Reached skill level 15 in Fighting
 23273 | Snake:2  | Noticed Agnes
 23292 | Snake:2  | Killed Agnes
 23630 | Snake:2  | Reached XP level 16. HP: 149/149 MP: 19/19
 23682 | Snake:3  | Reached skill level 16 in Armour
 23818 | Snake:3  | Found a frozen archway.
 23834 | IceCv    | Entered an ice cave
 25002 | IceCv    | Noticed an Ice Fiend
 25018 | IceCv    | Killed an Ice Fiend
 25086 | IceCv    | Got a bone long sword
 25101 | IceCv    | Identified the +9 long sword of Zaakluts {flame, Str+4} (You found it in an ice cave)
 25239 | Snake:3  | Noticed Roxanne
 25274 | Snake:3  | Got a slimy plate armour
 25285 | Snake:3  | Identified the +7 plate armour of the Buccaneer {Int+2} (You found it on level 3 of the Snake Pit)
 25399 | Snake:3  | Noticed Aizul
 25417 | Snake:3  | Killed Aizul
 26370 | Elf:1    | Entered Level 1 of the Elven Halls
 26826 | Elf:1    | Found Nilofi Vogh's Food Boutique.
 26973 | Elf:1    | Reached XP level 17. HP: 158/159 MP: 22/22
 27579 | Elf:2    | Reached skill level 10 in Invocations
 27688 | Elf:2    | Found a deep blue altar of Sif Muna.
 28000 | Elf:2    | Found a huge runed gate.
 28000 | Elf:2    | Found a huge runed gate.
 28000 | Elf:2    | Found a huge runed gate.
 28000 | Elf:2    | Found a huge runed gate.
 28000 | Elf:2    | Found a huge runed gate.
 28302 | Shoals:1 | Entered Level 1 of the Shoals
 28913 | Shoals:2 | Noticed Jorgrun
 28927 | Shoals:2 | Killed Jorgrun
 28957 | Shoals:2 | Got a scorched iron ring
 28966 | Shoals:2 | Identified the ring "Ojos Der" {Wiz rPois MP-9 Dex+3} (You found it on level 2 of the Shoals)
 29120 | Shoals:3 | Found a transporter.
 29314 | Shoals:3 | Found a transporter.
 29342 | Shoals:3 | Found Moameo's Assorted Antiques.
 29580 | Shoals:3 | Bought a scroll of identify for 84 gold pieces
 29580 | Shoals:3 | Bought a slimy plate armour for 1176 gold pieces
 29602 | Shoals:3 | Identified the +5 plate armour "Vashric" {rPois Dex-5 Stlth+} (You bought it in a shop on level 3 of the Shoals)
 29614 | Shoals:4 | Entered Level 4 of the Shoals
 29664 | Shoals:4 | Noticed Ilsuiw
 29882 | Shoals:3 | Killed Ilsuiw
 30181 | Shoals:4 | Reached skill level 17 in Armour
 30409 | Shoals:4 | Reached XP level 18. HP: 149/167 MP: 17/27
 30537 | Shoals:4 | Got a barnacled rune of Zot
 30825 | Vaults:1 | Entered Level 1 of the Vaults
 30860 | Vaults:1 | Reached skill level 18 in Armour
 31137 | Vaults:1 | Reached skill level 1 in Crossbows
 31355 | Vaults:1 | Reached skill level 19 in Armour
 31626 | Vaults:1 | Found a portal to a secret trove of treasure.
 31853 | Vaults:1 | Found Deur's Distillery.
 31869 | Vaults:1 | Bought a potion of heal wounds for 65 gold pieces
 31869 | Vaults:1 | Bought a potion of heal wounds for 65 gold pieces
 31946 | Vaults:1 | Reached skill level 20 in Armour
 31976 | Vaults:1 | Found a white marble altar of Elyvilon.
 32454 | Vaults:2 | Noticed Margery
 32469 | Vaults:2 | Killed Margery
 32569 | Vaults:2 | Reached XP level 19. HP: 177/177 MP: 28/28
 32571 | Vaults:2 | Paralysed by a great orb of eyes for 6 turns
 32580 | Vaults:2 | HP: 3/177 [cyan very ugly thing (17)]
 33017 | Vaults:2 | Noticed Nikola
 33033 | Vaults:2 | Killed Nikola
 33294 | Vaults:2 | Reached skill level 10 in Dodging
 34549 | Snake:4  | Entered Level 4 of the Snake Pit
 34904 | Snake:4  | Noticed Vashnia
 34990 | Snake:4  | Reached skill level 5 in Crossbows
 35383 | Snake:4  | HP: 5/180 [Vashnia/bolt (12)]
 35383 | Snake:4  | Slain by a nagaraja

Skill      XL: |  1  2  3  4  5  6  7  8  9 10 11 12 13 14 15 16 17 18 19 |
---------------+----------------------------------------------------------+-----
Axes           | 3 4 5 6 8 10 12 13 15 16 18 | 18.2
Fighting       | 4 5 6 7 8 11 12 15 16 17 18 | 18.5
Armour         | 4 7 8 10 13 15 16 17 20 | 20.3
Shields        | 6 9 10 13 15 | 15.5
Dodging        | 4 9 13 | 13.3
Invocations    | 4 5 8 13 | 13.6
Crossbows      | 1 6 |  6.5

Action                   |  1- 3 |  4- 6 |  7- 9 | 10-12 | 13-15 | 16-18 | 19-21 || total
-------------------------+-------+-------+-------+-------+-------+-------+-------++-------
Melee: War axe           |    74 |    79 |   294 |   567 |   298 |       |       ||  1312
       Headbutt          |     9 |    17 |    59 |   156 |   363 |   446 |   132 ||  1182
       Hand axe          |       |       |     9 |       |       |       |       ||     9
       Morningstar       |       |       |       |     6 |       |       |       ||     6
       Broad axe         |       |       |       |       |  1195 |  1781 |   500 ||  3476
Invok: Greater Servant o |       |       |       |       |       |     3 |     2 ||     5
       Lesser Servant of |       |       |       |       |       |     1 |       ||     1
Evoke: Wand              |       |       |     5 |       |       |     2 |       ||     7
  Use: Potion            |       |     1 |     1 |     2 |     7 |     8 |     5 ||    24
       Scroll            |       |     8 |     7 |    17 |    13 |     4 |     3 ||    52
  Eat: Chunk             |     1 |     4 |    13 |    24 |    34 |    10 |     7 ||    93
       Royal jelly       |       |       |     1 |       |       |     3 |     1 ||     5
       Meat ration       |       |       |       |       |       |     3 |       ||     3
Armor: Scale mail        |    43 |    25 |    35 |       |       |       |       ||   103
       Chain mail        |       |       |   107 |   197 |   349 |   562 |   201 ||  1416
       Skin              |       |       |       |       |       |     9 |       ||     9
Dodge: Dodged            |    48 |    54 |   180 |   150 |   523 |   623 |   208 ||  1786
Block: Shield            |       |       |     2 |   255 |   914 |  1234 |   369 ||  2774
